 Dungeon Crawl Stone Soup version 0.13.0 (console) character file.

66623 Rikelek the Impaler (level 15, -14/114 HPs)
             Began as a Human Wanderer on Oct 12, 2013.
             Was a High Priest of Nemelex Xobeh.
             Killed themself with a badly aimed orb of electricity (31 damage)
             ... on Level 16 of the Dungeon.
             The game lasted 04:05:32 (35904 turns).

Rikelek the Impaler (Human Wanderer)               Turns: 35904, Time: 04:05:33

HP -14/114       AC 30     Str 14      XL: 15   Next: 57%
MP  30/31        EV  4     Int 13      God: Nemelex Xobeh [*****.]
Gold 1311        SH 12     Dex 19      Spells:  1 memorised, 14 levels left

Res.Fire  : + . .   See Invis. : .   a - +5,+2 trident (slay drac)
Res.Cold  : . . .   Warding    : +   j - +0 plate armour {rF+}
Life Prot.: + . .   Conserve   : +   c - +0 elf buckler
Res.Poison: +       Res.Corr.  : +   n - +1 dwarf helmet
Res.Elec. : .       Clarity    : .   g - +2 cloak {rCorr, Cons}
Sust.Abil.: . .     Spirit.Shd : .   C - +0 pair of gauntlets {Dex+3}
Res.Mut.  : .       Stasis     : .   e - +1 pair of boots {Fly}
Res.Rott. : .       Flight     : +   p - amulet of Diannot {Ward rPois Acc+3}
Saprovore : . . .                    y - +1 ring of protection
                                     t - ring of protection from magic

@: flying, very slightly contaminated, quick, quite resistant to hostile
enchantments, extremely unstealthy
A: hooves 1, berserk 1, AC +4, Dex -1
a: Draw One, Peek at Two, Triple Draw, Deal Four, Stack Five, Renounce Religion,
Evoke Flight


You were on level 16 of the Dungeon.
You worshipped Nemelex Xobeh.
Nemelex Xobeh was extremely pleased with you.
You were not hungry.

You visited 4 branches of the dungeon, and saw 29 of its levels.

You collected 2608 gold pieces.
You spent 1347 gold pieces at shops.

Inventory:

Hand weapons
 a - a +5,+2 trident of dragon slaying (weapon)
 b - a -1 orcish blowgun
Missiles
 f - 4 curare-tipped needles
 r - 12 poisoned needles
Armour
 c - a +0 elven buckler (worn)
 e - a +1 pair of boots of flying (worn)
 g - a +2 cloak of preservation (worn)
 j - a +0 plate armour of fire resistance (worn)
 l - a +1 orcish scale mail of poison resistance
 n - a +1 dwarven helmet (worn)
 C - a +0 pair of gauntlets of dexterity (worn)
Magical devices
 d - a wand of lightning (5)
 s - a wand of draining (2)
 u - a wand of polymorph (8)
 T - a wand of digging (4)
Comestibles
 h - 2 chunks of cyclops flesh
 v - 7 meat rations
 M - a choko
Scrolls
 k - 7 scrolls of remove curse
 w - a scroll of magic mapping
 E - a scroll of blinking
 G - 7 scrolls of identify
 J - 2 scrolls of teleportation
Jewellery
 p - the amulet of Diannot (around neck) {Ward rPois Acc+3}
   (You bought it in a shop on level 4 of the Orcish Mines)

   [amulet of warding]

   It affects your accuracy (+3).
   It protects you from poison.
 q - an uncursed ring of see invisible
 t - a ring of protection from magic (left hand)
 y - a +1 ring of protection (right hand)
Potions
 A - 3 potions of might
 K - a potion of curing
 L - 2 potions of agility
 Z - a potion of flight
Miscellaneous
 i - a legendary deck of summonings {drawn: 1}
 m - an ornate deck of destruction
 o - an ornate deck of summonings
 x - a legendary deck of destruction {drawn: 4}
 z - a sack of spiders
 B - a legendary deck of summonings {drawn: 1}
 F - a legendary deck of summonings {drawn: 1}
 H - a plain deck of summonings {drawn: 3}
 Q - an ornate deck of summonings {drawn: 6}
 R - a lamp of fire (inert)
 S - an ornate deck of summonings {drawn: 1}
 W - a legendary deck of summonings {drawn: 5}


   Skills:
 - Level 12.4 Fighting
 - Level 15.0 Polearms
 - Level 2.0 Throwing
 - Level 11.0 Armour
 - Level 2.0 Dodging
 - Level 1.0 Stealth
 - Level 5.1 Shields
 - Level 0.5 Spellcasting
   Level 1.0 Necromancy
   Level 2.0 Ice Magic
 + Level 13.6 Evocations


You had 14 spell levels left.
You knew the following spells:

 Your Spells              Type           Power        Failure   Level  Hunger
a - Magic Dart            Conj           #...         100%        1    ##.....


Dungeon Overview and Level Annotations

Branches:
Dungeon (16/27)            Temple (1/1) D:6             Orc (4/4) D:10
    Elf (0/3) Orc:4          Lair (8/8) D:13         Shoals (0/5) Lair:4
  Snake (0/5) Lair:5        Slime (0/6) Lair:6
 Vaults: D:15-20

Altars:
Ashenzari
Cheibriados
Elyvilon
Fedhas
Kikubaaqudgha
Makhleb
Nemelex Xobeh
Okawaru
Sif Muna
Trog
Vehumet
Xom
Yredelemnul
Zin
the Shining One
Beogh

Shops:
Orc:4 ([=[+

Portals:
Trove: D:14 (give wand of hasting (8))

Annotations:
D:7 exclusion: ice statue
D:10 exclusion: ice statue
Lair:8 exclusion: oklob plant


Innate Abilities, Weirdness & Mutations

You have large cloven feet.
You are partially covered in rough black scales (AC +4, Dex -1).
You tend to lose your temper in combat.


Message History

* * * LOW HITPOINT WARNING * * *
The harpy lunges at you hungrily!
You see here a shiny ring mail.
Your surroundings suddenly seem different.
A two-headed ogre comes into view.
It is wielding a giant spiked club and a giant club.
The two-headed ogre shouts in stereo!
Found five items.
A dragon skeleton comes into view.
Use which ability? (? or * to list) Draw from which deck? (? for menu, Esc to quit)
You draw a card...
It is the Spark.
You have drawn the Spark.
Press: ? - help, Shift-Dir - straight line, f - two-headed ogre
Aim: a two-headed ogre, wielding a giant spiked club and a giant club The orb of electricity explodes!
The orb of electricity engulfs the two-headed ogre.
You kill the two-headed ogre!
The orb of electricity engulfs you!
You die...
Your body glows slightly and disappears.

.# .# .# .#####
#################
<.....
.......)@........
......
.................
.......
%..............
t....?.
.............).
/.....>
........?.....(
......
............Z
......
...........
.##### #########
.# .# .#


You could see a dragon skeleton.

Vanquished Creatures
  A dire elephant (Lair:8)
  Harold (D:10)
  3 hydras
  8 death yaks
  2 centaur warriors
  An unseen horror (D:13)
  A deep troll shaman (Lair:8)
  2 hill giants (D:10)
  An orc knight (Orc:3)
  The ghost of Deemzul the Basher, an experienced GrBe of Trog (Orc:1)
  A lindwurm (Lair:8)
  2 cyclopes
  A griffon (Lair:6)
  An orc sorcerer (Orc:4)
  4 elephants (Lair:8)
  9 black mambas
  A queen ant (D:11)
  12 spiny frogs
  A fire drake (Lair:3)
  2 feature mimics
  4 trolls
  A hydra zombie (D:13)
  A giant firefly (D:14)
  2 polar bears
  A wandering mushroom (Lair:7)
  3 komodo dragons
  Prince Ribbit (D:8)
  3 slime creatures (D:11)
  A hydra skeleton (D:9)
  A dragon zombie (D:14)
  3 two-headed ogres
  A snapping turtle (Lair:4)
  3 grizzly bears
  4 blink frogs
  8 ugly things
  A basilisk (Lair:3)
  11 hippogriffs
  5 wyverns
  A hill giant zombie (D:8)
  26 yaks
  Eustachio (D:3)
  A water elemental (D:14)
  A shark (D:14)
  A hungry ghost (D:13)
  A shadow (D:11)
  Grum (D:10)
  An elephant slug (Lair:6)
  The ghost of crypto177 the Cudgeler, an average DsFi (D:4)
  Edmund (D:4)
  A manticore (D:14)
  4 soldier ants (D:11)
  A necrophage (D:9)
  9 wolves
  5 porcupines
  Purgy (D:3)
  2 phantoms
  4 sky beasts
  A yellow wasp (D:11)
  3 black bears
  A swamp drake (D:7)
  2 tengu (D:11)
  An ice beast (D:11)
  A giant goldfish (D:14)
  A boring beetle (Lair:8)
  27 orc warriors
  11 centaurs
  7 crocodiles
  12 ogres
  A brain worm (shapeshifter) (D:12)
  13 giant frogs
  5 wargs
  12 water moccasins
  6 giant slugs
  A cyclops zombie (D:12)
  13 big kobolds
  A gnoll sergeant (D:10)
  A manticore zombie (D:9)
  An eye of draining (D:8)
  3 agate snails
  An insubstantial wisp (D:10)
  A hippogriff zombie (D:11)
  2 troll zombies (D:13)
  2 yak zombies (D:14)
  A troll skeleton (D:14)
  A pulsating lump (Lair:7)
  20 wights
  A yak skeleton (D:11)
  3 electric eels (Lair:6)
  A quasit (D:8)
  9 crimson imps
  2 goliath beetles
  2 jellies
  A gnoll shaman (D:9)
  4 giant frog skeletons
  18 orc priests
  13 hounds
  A soldier ant zombie (D:11)
  Crazy Yiuf (D:4)
  6 iguanas
  21 orc wizards
  A water moccasin skeleton (D:8)
  42 worker ants
  An orange rat (D:10)
  4 scorpions
  6 sheep
  An ogre zombie (D:7)
  Jessica (D:3)
  A hound zombie (D:7)
  A mummy (D:8)
  15 gnolls
  24 adders
  27 green rats
  5 giant centipedes
  4 giant mites
  5 worms
  An iguana skeleton (D:6)
  3 giant eyeballs
  149 orcs
  7 giant cockroaches
  25 goblins
  15 hobgoblins
  21 jackals
  59 kobolds
  11 quokkas
  2 ball pythons
  19 bats
  11 giant geckos
  3 giant newts
  A hobgoblin skeleton (D:4)
  A hobgoblin zombie (D:6)
  A kobold skeleton (D:6)
  An orc skeleton (D:8)
  A quokka zombie (D:9)
  22 rats
  A ballistomycete (D:6)
  8 fungi
  A plant (Lair:7)
908 creatures vanquished.

Vanquished Creatures (collateral kills)
  Gastronok (Lair:1)
  2 hydras
  10 death yaks
  A catoblepas (Lair:8)
  4 hill giants
  2 orc knights (Orc:4)
  A cyclops (D:14)
  4 black mambas
  3 elephants (Lair:5)
  Psyche (D:12)
  4 komodo dragons
  2 trolls
  2 blink frogs
  A boulder beetle (Lair:5)
  A basilisk (Lair:5)
  A shark (D:14)
  An ugly thing (Lair:5)
  A water elemental (D:14)
  An elephant slug (Lair:5)
  18 yaks
  2 wolves (Lair:8)
  A hippogriff (Lair:5)
  A hog (D:14)
  2 mottled dragons
  2 porcupines (Lair:5)
  4 orc warriors (Orc:4)
  A giant goldfish (D:14)
  An ogre (D:12)
  A boring beetle (Lair:3)
  3 crocodiles
  A giant frog (Lair:5)
  2 water moccasins
  An insubstantial wisp (D:10)
  A yak zombie (D:14)
  A jellyfish (D:14)
  2 electric eels (D:14)
  A hound (Lair:2)
  A giant frog skeleton (D:11)
  3 orc priests
  An iguana (Lair:2)
  2 orc wizards
  A sheep (D:14)
  A crocodile zombie (D:12)
  3 gnolls (D:10)
  2 adders
  6 green rats
  A giant mite (Lair:2)
  A giant centipede zombie (D:12)
  11 orcs
  2 kobolds (D:12)
  A ball python (Lair:5)
  2 bats
  3 jackals (Lair:2)
  A rat (Lair:1)
  3 fungi
  2 plants
135 creatures vanquished.

Vanquished Creatures (others)
  2 very ugly things
  4 dancing weapons
  2 elephants
  An orange demon (Lair:5)
  A spiny frog (D:12)
  A vapour (Orc:4)
  An iron devil (Orc:4)
  A komodo dragon (D:10)
  5 fire elementals
  A basilisk (D:11)
  3 redbacks
  3 ugly things
  12 trapdoor spiders
  2 wolves
  A black bear (D:11)
  A yellow wasp (Lair:5)
  2 insubstantial wisps (D:10)
  A yak skeleton (Lair:5)
  5 spiders
  3 iron imps
  A two-headed ogre skeleton (D:11)
  2 orange rats (D:10)
  An orc wizard (D:7)
  A sheep (D:11)
  A crocodile skeleton (Lair:5)
  An adder (D:4)
  2 ufetubi
  A hobgoblin (D:4)
  A giant spore (D:6)
  4 kobolds
  An orc skeleton (D:9)
  12 fungi
  3 plants
83 creatures vanquished.

Grand Total: 1126 creatures vanquished

Notes
Turn   | Place    | Note
--------------------------------------------------------------
     0 | D:1      | Rikelek, the Human Wanderer, began the quest for the Orb.
     0 | D:1      | Reached XP level 1. HP: 14/14 MP: 2/2
   243 | D:1      | Reached XP level 2. HP: 18/21 MP: 3/3
   594 | D:1      | Reached XP level 3. HP: 26/26 MP: 4/4
   973 | D:2      | Reached skill level 1 in Polearms
  1372 | D:2      | Reached XP level 4. HP: 33/33 MP: 5/5
  1448 | D:2      | Found a snail-covered altar of Cheibriados.
  1545 | D:2      | Found a blossoming altar of Fedhas.
  1823 | D:2      | Gained mutation: You have large cloven feet. [potion of mutation]
  1823 | D:2      | Gained mutation: You are partially covered in rough black scales (AC +4, Dex -1). [potion of mutation]
  1823 | D:2      | Gained mutation: You tend to lose your temper in combat. [potion of mutation]
  1942 | D:3      | Noticed Purgy
  2214 | D:3      | Found a sparkling altar of Nemelex Xobeh.
  2233 | D:3      | Became a worshipper of Nemelex Xobeh
  2241 | D:3      | Received a gift from Nemelex Xobeh
  2391 | D:3      | Noticed Jessica
  2409 | D:3      | Reached skill level 1 in Armour
  2409 | D:3      | Reached XP level 5. HP: 38/38 MP: 6/6
  2412 | D:3      | Killed Jessica
  2807 | D:3      | Reached XP level 6. HP: 39/45 MP: 7/7
  3432 | D:4      | Noticed Eustachio
  3443 | D:3      | Acquired Nemelex Xobeh's first power
  3821 | D:3      | Killed Eustachio
  3821 | D:3      | Reached XP level 7. HP: 37/50 MP: 8/8
  3960 | D:4      | Noticed Crazy Yiuf
  3978 | D:4      | Killed Crazy Yiuf
  3983 | D:4      | Identified a +1 cloak of preservation (You took it off Crazy Yiuf on level 4 of the Dungeon)
  4616 | D:4      | Noticed crypto177's ghost (average DsFi)
  4775 | D:4      | Killed crypto177's ghost
  4926 | D:4      | Reached XP level 8. HP: 35/57 MP: 10/10
  5102 | D:4      | Acquired Nemelex Xobeh's second power
  5146 | D:4      | Noticed Edmund
  5297 | D:4      | Killed Edmund
  5297 | D:4      | Reached skill level 5 in Shields
  5448 | D:4      | Reached skill level 5 in Polearms
  5565 | D:4      | Found a shimmering altar of Xom.
  5626 | D:5      | Entered Level 5 of the Dungeon
  5965 | D:3      | Found a shattered altar of Ashenzari.
  6123 | D:3      | Killed Purgy
  6123 | D:3      | Reached skill level 5 in Armour
  6190 | D:4      | Received a gift from Nemelex Xobeh
  6596 | D:5      | Found a glowing silver altar of Zin.
  6596 | D:5      | Noticed an angel
  6846 | D:5      | Paralysed by a giant eyeball for 3 turns
  6852 | D:5      | Paralysed by a giant eyeball for 2 turns
  7042 | D:5      | Reached skill level 6 in Polearms
  7462 | D:6      | Reached XP level 9. HP: 62/62 MP: 11/11
  7584 | D:6      | Reached skill level 7 in Polearms
  7635 | D:6      | Found a staircase to the Ecumenical Temple.
  7766 | Temple   | Entered the Ecumenical Temple
  8118 | D:7      | Found an iron altar of Okawaru.
  8140 | D:7      | Reached skill level 8 in Polearms
  8526 | D:7      | Reached skill level 1 in Throwing
  8535 | D:7      | Acquired Nemelex Xobeh's third power
  8791 | D:7      | Noticed an ice statue
  9178 | D:8      | Paralysed by a potion of paralysis for 2 turns
  9419 | D:8      | Reached skill level 9 in Polearms
  9444 | D:8      | Received a gift from Nemelex Xobeh
  9518 | D:8      | Noticed Prince Ribbit
  9528 | D:8      | Killed Prince Ribbit
  9598 | D:8      | Noticed Maurice
  9607 | D:8      | Noticed Maurice
  9607 | D:8      | Maurice changed into Maurice the swamp drake
  9670 | D:8      | Paralysed by a giant eyeball for 3 turns
  9693 | D:7      | Killed Maurice the swamp drake
  9908 | D:8      | Reached skill level 10 in Polearms
  9908 | D:8      | Reached XP level 10. HP: 66/69 MP: 12/12
 10730 | D:8      | Reached skill level 1 in Evocations
 10830 | D:9      | Acquired Nemelex Xobeh's fourth power
 11126 | D:9      | Received a gift from Nemelex Xobeh
 11190 | D:9      | Found a bloodstained altar of Trog.
 11752 | D:9      | Reached skill level 5 in Evocations
 11813 | D:9      | Paralysed by a potion of paralysis for 6 turns
 12042 | D:9      | Reached XP level 11. HP: 39/74 MP: 21/21
 12083 | D:9      | Acquired Nemelex Xobeh's fifth power
 12546 | D:9      | Reached skill level 11 in Polearms
 12586 | D:10     | Entered Level 10 of the Dungeon
 12586 | D:10     | Noticed Grum
 12591 | D:10     | Noticed a hill giant
 12782 | D:10     | Received a gift from Nemelex Xobeh
 12814 | D:10     | Found a roughly hewn altar of Beogh.
 12876 | D:10     | Killed a hill giant
 13265 | D:10     | Received a gift from Nemelex Xobeh
 13355 | D:10     | Noticed an ice statue
 13571 | D:10     | Noticed Harold
 13573 | D:10     | Killed Harold
 13844 | D:10     | Found a staircase to the Orcish Mines.
 14044 | D:10     | Noticed a hill giant
 14063 | D:10     | Received a gift from Nemelex Xobeh
 14098 | D:10     | Killed a hill giant
 14343 | D:10     | Killed Grum
 14464 | D:9      | Received a gift from Nemelex Xobeh
 15605 | D:11     | Noticed a hill giant
 15612 | D:11     | Killed a hill giant
 15624 | D:11     | Noticed a hill giant
 15632 | D:11     | Killed a hill giant
 15632 | D:11     | Reached skill level 10 in Armour
 15632 | D:11     | Reached XP level 12. HP: 77/81 MP: 25/25
 17555 | D:11     | Reached skill level 12 in Polearms
 17562 | D:11     | Received a gift from Nemelex Xobeh
 17652 | D:12     | Noticed a six-headed hydra
 17655 | D:12     | Killed a six-headed hydra
 17675 | D:12     | Noticed Psyche
 17686 | D:12     | Killed Psyche
 17791 | D:12     | Received a gift from Nemelex Xobeh
 18512 | D:13     | Found a shattered altar of Ashenzari.
 18546 | D:13     | Reached skill level 13 in Polearms
 19173 | D:13     | Found a staircase to the Lair.
 19544 | Lair:1   | Entered Level 1 of the Lair of Beasts
 19973 | Lair:1   | Reached XP level 13. HP: 86/86 MP: 25/25
 19987 | Lair:1   | Noticed a seven-headed hydra
 19988 | Lair:1   | Received a gift from Nemelex Xobeh
 19999 | Lair:1   | Killed a seven-headed hydra
 20065 | Lair:1   | Noticed Gastronok
 20092 | Lair:1   | Killed Gastronok
 20249 | Lair:1   | Reached skill level 14 in Polearms
 20475 | Lair:1   | Received a gift from Nemelex Xobeh
 20919 | Lair:2   | HP: 4/86 [poisoned by a spiny frog]
 20924 | Lair:2   | HP: 2/86 [poisoned by a spiny frog]
 21813 | Lair:3   | Reached skill level 10 in Evocations
 22121 | Lair:3   | Received a gift from Nemelex Xobeh
 22948 | Lair:4   | Found a staircase to the Shoals.
 23762 | Lair:4   | Received a gift from Nemelex Xobeh
 23949 | Lair:5   | Received a gift from Nemelex Xobeh
 23973 | Lair:5   | Found a staircase to the Snake Pit.
 24039 | Lair:5   | Received a gift from Nemelex Xobeh
 24387 | Lair:5   | Received a gift from Nemelex Xobeh
 24431 | Lair:5   | Found an ancient bone altar of Kikubaaqudgha.
 24520 | Lair:5   | XOM: noise
 24559 | Lair:5   | Reached skill level 15 in Polearms
 24577 | Lair:5   | Received a gift from Nemelex Xobeh
 25237 | Lair:6   | Reached skill level 5 in Fighting
 25999 | Lair:6   | Received a gift from Nemelex Xobeh
 26010 | Lair:6   | Reached XP level 14. HP: 69/96 MP: 24/28
 26192 | Lair:6   | Received a gift from Nemelex Xobeh
 26400 | Lair:6   | Found a staircase to the Slime Pits.
 26434 | Lair:6   | Found a radiant altar of Vehumet.
 27119 | Lair:7   | Found a staircase to the Slime Pits.
 27181 | Lair:7   | the staircase to the Slime Pits was a mimic.
 27509 | Lair:7   | Reached skill level 10 in Fighting
 28010 | Lair:7   | Received a gift from Nemelex Xobeh
 28040 | Lair:8   | Entered Level 8 of the Lair of Beasts
 28398 | Lair:8   | Received a gift from Nemelex Xobeh
 28551 | Lair:8   | Received a gift from Nemelex Xobeh
 28964 | Lair:8   | Received a gift from Nemelex Xobeh
 28974 | Lair:8   | Reached XP level 15. HP: 96/113 MP: 25/29
 29396 | Lair:8   | Received a gift from Nemelex Xobeh
 29793 | Orc:1    | Entered Level 1 of the Orcish Mines
 29794 | Orc:1    | Noticed Deemzul's ghost (experienced GrBe)
 29816 | Orc:1    | Killed Deemzul's ghost
 30609 | Orc:2    | Received a gift from Nemelex Xobeh
 31173 | Orc:4    | Entered Level 4 of the Orcish Mines
 31252 | Orc:4    | Found Crawn's Book Boutique.
 31389 | Orc:4    | Found a staircase to the Elven Halls.
 31645 | Orc:4    | Received a gift from Nemelex Xobeh
 31676 | Orc:4    | HP: 3/114 [vapour/bolt of lightning[the player character] (21)]
 32653 | Orc:3    | Received a gift from Nemelex Xobeh
 33062 | Orc:4    | Found Omoaniong's Antique Armour Shoppe.
 33062 | Orc:4    | Found Agonucaz's Jewellery Boutique.
 33065 | Orc:4    | Found Fankoori's Weapon Emporium.
 33071 | Orc:4    | Found Twamnaiw's Armour Shop.
 33106 | Orc:4    | Bought the amulet of Diannot {Ward rPois Acc+3} for 659 gold pieces
 33112 | Orc:4    | Bought a pair of embroidered gauntlets for 27 gold pieces
 33121 | Orc:4    | Bought a +1 pair of boots of flying for 132 gold pieces
 33139 | Orc:4    | Bought a runed plate armour for 529 gold pieces
 34037 | Orc:1    | Received a gift from Nemelex Xobeh
 34356 | D:14     | Entered Level 14 of the Dungeon
 34392 | D:14     | Found a portal to a secret trove of treasure.
 34850 | D:14     | Received a gift from Nemelex Xobeh
 35234 | D:14     | Received a gift from Nemelex Xobeh
 35760 | D:15     | Entered Level 15 of the Dungeon
 35888 | D:15     | HP: 1/114 [it/bolt of lightning[the player character] (23)]
 35904 | D:16     | Killed themself with a badly aimed orb of electricity

Action                   |  1- 3 |  4- 6 |  7- 9 | 10-12 | 13-15 || total
-------------------------+-------+-------+-------+-------+-------++-------
Melee: Spear             |   103 |   183 |   150 |       |       ||   436
       Trident           |       |       |   470 |  1797 |  2368 ||  4635
       Dagger            |       |       |       |     5 |       ||     5
 Fire: Blowgun           |       |       |     2 |       |       ||     2
Throw: Dagger            |       |       |     1 |       |       ||     1
       Javelin           |       |       |     2 |    13 |     9 ||    24
 Cast: Magic Dart        |     1 |       |       |       |       ||     1
Invok: Draw One          |       |       |     2 |    32 |   125 ||   159
       Triple Draw       |       |       |     2 |     2 |     2 ||     6
Evoke: Deck              |       |     1 |       |       |       ||     1
       Wand              |       |       |     8 |     6 |     4 ||    18
       Miscellaneous     |       |       |       |     1 |    18 ||    19
  Use: Scroll            |       |     9 |     5 |    14 |    16 ||    44
       Potion            |       |     1 |     6 |     7 |     6 ||    20
 Stab: Distracted        |     1 |       |       |     2 |     6 ||     9
       Sleeping          |     1 |       |       |       |       ||     1
       Invisible         |       |       |     1 |       |    15 ||    16
       Confused          |       |       |     3 |       |       ||     3
       Fleeing           |       |       |       |     2 |     2 ||     4
       Held in net/web   |       |       |       |       |     1 ||     1
       Paralysed         |       |       |       |       |     1 ||     1
       Betrayed ally     |       |       |       |       |     1 ||     1
